 Dungeon Crawl Stone Soup version 0.19.1 (console) character file.

12569 Morrissey the Impaler (level 11, 0/80 HPs)
             Began as a Demonspawn Berserker on Dec 23, 2016.
             Was a High Priest of Trog.
             Shot with an arrow by a centaur warrior (18 damage)
             ... on level 11 of the Dungeon.
             The game lasted 00:31:11 (9345 turns).

Morrissey the Impaler (Demonspawn Berserker)        Turns: 9345, Time: 00:31:13

Health: 0/80       AC: 11    Str: 25    XL:     11   Next: 64%
Magic:  0/3        EV: 11    Int: 12    God:    Trog [*****.]
Gold:   544        SH:  0    Dex: 12    Spells: 0 memorised, 10 levels left

rFire  . . .     SeeInvis .     a - +7 halberd {antimagic, *Corrode rN+++ Int+2}
rCold  . . .     Gourm    .     r - +1 chain mail
rNeg   + + +     Faith    +     (shield currently unavailable)
rPois  .         Spirit   +     J - +1 hat
rElec  .         Reflect  .     x - +0 cloak
rCorr  .         Harm     .     (no gloves)
MR     .....                    (no boots)
Stlth  ..........               v - amulet of faith
                                z - ring of positive energy
                                p - +5 ring of strength

@: about to teleport
A: horns 1, repulsion field 1, powered by death 2, magic shield
a: Berserk, Trog's Hand, Brothers in Arms, Burn Spellbooks, Renounce Religion


You were on level 11 of the Dungeon.
You worshipped Trog.
Trog was extremely pleased with you.
You were not hungry.

You visited 1 branch of the dungeon, and saw 11 of its levels.

You collected 544 gold pieces.

Inventory:

Hand Weapons
 a - the +7 halberd of Division (weapon) {antimagic, *Corrode rN+++ Int+2}
   (You found it on level 10 of the Dungeon)

   It reduces the magical energy of the wielder, and disrupts the spells and
   magical abilities of those hit.
   Natural abilities and divine invocations are not affected.
   It affects your intelligence (+2).
   It renders you almost immune to negative energy.
   It may corrode you when you take damage.
 b - the +6 hunting sling of Gussux {flame, Dex+2}
   (You found it on level 5 of the Dungeon)

   It causes projectiles fired from it to burn those they strike, causing extra
   injury to most foes and up to half again as much damage against particularly
   susceptible opponents.
   It affects your dexterity (+2).
 K - a +2 antimagic glaive
 M - a +0 trident
 R - a +6 fustibalus of flaming
Missiles
 g - 190 stones (quivered)
Armour
 r - a +1 chain mail (worn)
 x - a +0 cloak (worn)
 J - a +1 hat (worn)
Jewellery
 n - a cursed -2 ring of dexterity {unknown}
 p - a +5 ring of strength (left hand)
 t - an uncursed ring of fire
 v - an amulet of faith (around neck)
 z - a ring of positive energy (right hand)
Wands
 w - a wand of disintegration (4/24)
 E - a wand of confusion (8/48)
 G - a wand of paralysis (14/24)
 I - a wand of paralysis (16/24)
 O - a wand of iceblast (5/15)
Scrolls
 d - 4 scrolls of enchant armour
 e - 5 scrolls of fear
 f - a scroll of enchant weapon {unknown}
 h - a scroll of noise {unknown}
 j - 2 scrolls of teleportation
 k - 4 scrolls of remove curse {unknown}
 l - a scroll of magic mapping {unknown}
 o - 4 scrolls of blinking {unknown}
 q - 2 scrolls of recharging {unknown}
 s - a scroll of random uselessness {unknown}
 u - 2 scrolls of amnesia {unknown}
 y - 3 scrolls of fog {unknown}
 H - a scroll of holy word {unknown}
 L - 3 scrolls of identify
Potions
 B - 3 potions of brilliance
 D - a potion of invisibility {unknown}
 F - a potion of curing
 P - a potion of might {unknown}
Comestibles
 c - 9 bread rations
 i - 2 meat rations
 m - a slice of pizza
 A - 4 beef jerkies
 C - 7 fruits
 N - 10 chunks of flesh
 Q - 8 royal jellies


   Skills:
 - Level 5.5 Fighting
 * Level 15.9 Polearms
 - Level 1.7 Armour
 - Level 1.7 Dodging


You had 10 spell levels left.
You didn't know any spells.

Dungeon Overview and Level Annotations

Branches:
Dungeon (11/15)            Temple (0/1) D:5            Lair (0/6) D:10
    Orc: D:9-12

Altars:
Cheibriados
Dithmenos
Fedhas
Hepliaklqana
Nemelex Xobeh
Ru
Vehumet
Yredelemnul
The Shining One

Shops:
D:9 }   D:11 :

Annotations:
D:10 exclusion: 2 oklob plants


Innate Abilities, Weirdness & Mutations

You have a pair of small horns on your head.
You are surrounded by a mild repulsion field. (EV +2)
You regenerate health from kills.
When hurt, damage is shared between your health and your magic reserves.


Message History

The centaur warrior shoots an arrow.
The arrow closely misses you.
Found Upluh's Book Shoppe.
The centaur warrior shoots an arrow.
The arrow hits you!! The arrow freezes you.
Things that are here:
an arrow; a trident A quokka comes into view.
The centaur warrior shoots an arrow.
The arrow hits you!
* * * LOW HITPOINT WARNING * * *
The arrow freezes you.
* * * LOW HITPOINT WARNING * * *
You see here a pitted flail.
As you read the scroll of teleportation, it crumbles to dust.
You feel strangely unstable.
The centaur warrior shoots an arrow.
The arrow hits you!
* * * LOW MAGIC WARNING * * *;
* * * LOW HITPOINT WARNING * * *
The arrow freezes you.
* * * LOW HITPOINT WARNING * * *
The centaur warrior shoots an arrow.
The arrow hits you!!
You die...

##.c[.....)..#
##........#### .
#...........# ..
#....∩rc....# ...
#...........#
###..
#...........##...
#..........>...#
#........###.##
#.@....###...#
###(#####..#.#
#.###...##...
#.##..### ##...
#....## ....
#..### ##.
#######.###
#.........#
#....)....#


You could see a centaur warrior and a quokka.

Vanquished Creatures
  The ghost of Zeloya the Covert, a novice KoSu of Okawaru (D:9)
  An unseen horror (D:11)
  A hill giant (D:10)
  3 manticores
  A troll (D:10)
  A queen bee (D:10)
  A two-headed ogre (D:10)
  A hornet (D:7)
  3 hippogriffs
  A spriggan (D:7)
  Sigmund (D:2)
  5 yaks
  Eustachio (D:5)
  A wyvern (D:11)
  2 water moccasins
  6 orc warriors
  6 ice beasts
  A necrophage (D:8)
  A black bear (D:8)
  2 sky beasts
  7 ogres
  The ghost of Morrissey the Slasher, an amateur DsBe of Trog (D:3)
  3 phantoms
  6 centaurs
  A crocodile (D:10)
  2 big kobolds
  5 bullfrogs
  A gnoll sergeant (D:8)
  A wyvern zombie (D:8)
  4 scorpions
  A wyvern skeleton (D:9)
  29 killer bees
  8 wights
  A howler monkey (D:8)
  5 crimson imps
  5 hounds
  A gnoll shaman (D:4)
  6 orc priests
  Crazy Yiuf (D:6)
  3 jellies
  9 orc wizards
  8 worker ants
  3 iguanas
  2 hound zombies
  A hound skeleton (D:5)
  Robin (D:4)
  2 worker ant zombies
  11 gnolls
  9 adders
  2 river rats (D:10)
  3 shadow imps
  An ooze (D:5)
  2 dart slugs
  7 leopard geckos
  29 orcs
  15 giant cockroaches
  11 goblins
  7 hobgoblins
  16 jackals
  2 quokkas
  6 ball pythons
  7 bats
  3 frilled lizards (D:1)
  16 kobolds
  A quokka zombie (D:8)
  14 rats
  A fungus (D:6)
320 creatures vanquished.

Vanquished Creatures (others)
  A fungus (D:10)
1 creature vanquished.

Grand Total: 321 creatures vanquished

Notes
Turn   | Place    | Note
-------+----------+-------------------------------------------
     0 | D:1      | Morrissey the Demonspawn Berserker began the quest for the Orb.
     0 | D:1      | Reached XP level 1. HP: 18/18 MP: 1/1
   184 | D:1      | Reached skill level 3 in Polearms
   189 | D:1      | Gained mutation: When hurt, damage is shared between your health and your magic reserves. [demonic ancestry]
   189 | D:1      | Reached XP level 2. HP: 24/24 MP: 2/2
   948 | D:2      | HP: 1/24 [leopard gecko (2)]
  1143 | D:2      | Reached XP level 3. HP: 17/29 MP: 3/3
  1342 | D:2      | Found a sacrificial altar of Ru.
  1361 | D:2      | Reached ** piety under Trog
  1752 | D:2      | Noticed Sigmund
  1769 | D:2      | Killed Sigmund
  1769 | D:2      | Reached skill level 4 in Polearms
  1769 | D:2      | Reached XP level 4. HP: 31/38 MP: 2/4
  1769 | D:2      | Reached XP level 5. HP: 35/43 MP: 2/5
  1849 | D:2      | Reached skill level 5 in Polearms
  2618 | D:3      | Noticed Morrissey's ghost (amateur DsBe)
  2636 | D:3      | Killed Morrissey's ghost
  2636 | D:3      | Gained mutation: You have a pair of small horns on your head. [demonic ancestry]
  2636 | D:3      | Reached XP level 6. HP: 50/50 MP: 6/6
  3010 | D:4      | Reached skill level 5 in Fighting
  3360 | D:4      | Reached skill level 6 in Polearms
  3441 | D:4      | Gained mutation: You regenerate a little health from kills. [demonic ancestry]
  3441 | D:4      | Reached XP level 7. HP: 56/56 MP: 7/7
  3457 | D:4      | Reached *** piety under Trog
  3555 | D:4      | Noticed Robin
  3578 | D:4      | Killed Robin
  3852 | D:5      | Entered Level 5 of the Dungeon
  4001 | D:5      | Reached skill level 7 in Polearms
  4078 | D:5      | Reached **** piety under Trog
  4111 | D:5      | Got an ancient hunting sling
  4122 | D:5      | Reached XP level 8. HP: 41/63 MP: 5/8
  4152 | D:5      | Identified the +6 hunting sling of Gussux {flame, Dex+2} (You found it on level 5 of the Dungeon)
  4197 | D:5      | Found a staircase to the Ecumenical Temple.
  4240 | D:5      | Noticed Eustachio
  4253 | D:5      | Killed Eustachio
  4253 | D:5      | Reached skill level 8 in Polearms
  4600 | D:6      | Reached skill level 9 in Polearms
  5021 | D:6      | Reached skill level 10 in Polearms
  5074 | D:6      | Found a runed door.
  5079 | D:6      | Noticed Crazy Yiuf
  5086 | D:6      | Killed Crazy Yiuf
  5152 | D:7      | Reached XP level 9. HP: 61/68 MP: 7/9
  5565 | D:7      | Reached skill level 11 in Polearms
  5777 | D:8      | Reached ***** piety under Trog
  5879 | D:7      | Paralysed by a hornet for 1 turns
  6275 | D:8      | Reached skill level 12 in Polearms
  6433 | D:8      | Gained mutation: You regenerate health from kills. [demonic ancestry]
  6433 | D:8      | Reached XP level 10. HP: 72/74 MP: 10/10
  6775 | D:8      | Found a shadowy altar of Dithmenos.
  6887 | D:8      | Found a snail-covered altar of Cheibriados.
  6887 | D:8      | Found a sparkling altar of Nemelex Xobeh.
  6909 | D:8      | Found a hazy altar of Hepliaklqana.
  7083 | D:9      | Found a glowing golden altar of the Shining One.
  7087 | D:9      | Received a gift from Trog
  7091 | D:9      | Found a blossoming altar of Fedhas.
  7115 | D:9      | Found a basalt altar of Yredelemnul.
  7118 | D:9      | Found a shadowy altar of Dithmenos.
  7123 | D:9      | Found a radiant altar of Vehumet.
  7327 | D:9      | Noticed Zeloya's ghost (novice KoSu)
  7422 | D:9      | Killed Zeloya's ghost
  7422 | D:9      | Reached skill level 13 in Polearms
  7605 | D:9      | Found Taymich's Gadget Shop.
  7964 | D:9      | Noticed a manticore
  7981 | D:9      | Killed a manticore
  8111 | D:10     | Entered Level 10 of the Dungeon
  8157 | D:10     | Got a warped halberd
  8158 | D:10     | Identified the +7 halberd of Division {antimagic, *Corrode rN+++ Int+2} (You found it on level 10 of the Dungeon)
  8229 | D:10     | Reached skill level 14 in Polearms
  8346 | D:10     | Found a blossoming altar of Fedhas.
  8350 | D:10     | Noticed an oklob plant
  8350 | D:10     | Noticed an oklob plant
  8655 | D:10     | Received a gift from Trog
  8671 | D:10     | Gained mutation: You are surrounded by a mild repulsion field. (EV +2) [demonic ancestry]
  8671 | D:10     | Reached XP level 11. HP: 55/80 MP: 2/11
  8859 | D:10     | Found a staircase to the Lair.
  8993 | D:10     | Noticed a hill giant
  9005 | D:10     | Reached skill level 15 in Polearms
  9015 | D:10     | Killed a hill giant
  9286 | D:11     | Noticed a centaur warrior
  9302 | D:11     | Killed an unseen horror
  9342 | D:11     | Found Upluh's Book Shoppe.
  9345 | D:11     | Shot with an arrow by a centaur warrior

Skill      XL: |  1  2  3  4  5  6  7  8  9 10 11 |
---------------+----------------------------------+-----
Polearms       | 3 4 5 6 7 10 12 14 15 | 15.9
Fighting       | 4 5 |  5.5
Armour         | |  1.7
Dodging        | |  1.7

Action                   |  1- 3 |  4- 6 |  7- 9 | 10-12 || total
-------------------------+-------+-------+-------+-------++-------
Melee: Spear             |   156 |   124 |   193 |       ||   473
       Headbutt          |       |    10 |    86 |    61 ||   157
       Trident           |       |       |   213 |   237 ||   450
       Halberd           |       |       |       |   262 ||   262
 Fire: Hunting sling     |       |       |   115 |   125 ||   240
Invok: Burn Spellbooks   |     1 |       |     1 |       ||     2
       Berserk           |     2 |     2 |     4 |     3 ||    11
       Trog's Hand       |       |       |     1 |     4 ||     5
Evoke: Wand              |       |       |       |     6 ||     6
  Use: Scroll            |       |       |     7 |     2 ||     9
       Potion            |       |       |     2 |     4 ||     6
 Stab: Sleeping          |     3 |       |       |       ||     3
       Confused          |       |       |       |     2 ||     2
  Eat: Chunk             |     4 |     8 |    13 |     9 ||    34
       Meat ration       |       |       |       |     1 ||     1
       Fruit             |       |       |       |     1 ||     1
Armor: Animal skin       |    22 |     6 |       |       ||    28
       Chain mail        |       |    21 |   158 |   267 ||   446
Dodge: Dodged            |    63 |    38 |   131 |   268 ||   500
